 Dungeon Crawl Stone Soup version 0.22.1-1-ga44c0e56f4 (webtiles) character file.

8599 Schimscham the Frost Mage (level 11, -5/123 HPs)
             Began as a Green Draconian Ice Elementalist on Oct 24, 2018.
             Was a High Priest of Sif Muna.
             Slain by an ice devil (22 damage)
             ... on level 1 of the Lair of Beasts.
             The game lasted 00:47:16 (14504 turns).

Schimscham the Frost Mage (DrIE)                   Turns: 14504, Time: 00:47:17

Health: -5/123     AC: 10    Str: 16    XL:     11   Next: 12%
Magic:  10/25      EV: 13    Int: 21    God:    Sif Muna [*****.]
Gold:   730        SH:  0    Dex: 12    Spells: 19/31 levels left

rFire    . . .     SeeInvis .   T - +4 halberd
rCold    . . .     Gourm    .   (shield currently unavailable)
rNeg     . . .     Faith    .   (armour unavailable)
rPois    +         Spirit   .   (helmet restricted)
rElec    .         Reflect  .   w - +0 cloak
rCorr    .         Harm     .   (no gloves)
MR       .....                  Q - +1 pair of boots {Stlth+}
Stlth    ..........             k - amulet of magic regeneration
HPRegen  0.30/turn              h - ring of wizardry
MPRegen  0.44/turn              B - +3 ring of intelligence

@: berserking, short of breath, slowed
A: breathe noxious fumes, unfitting armour, poison resistance, cold-blooded, AC
+7
a: Breathe Noxious Fumes, Divine Energy, Channel Magic, Forget Spell, Renounce
Religion


You were on level 1 of the Lair of Beasts.
You worshipped Sif Muna.
Sif Muna was extremely pleased with you.
You were not hungry.

You visited 3 branches of the dungeon, and saw 13 of its levels.
You also visited: Sewer and Bailey.

You collected 730 gold pieces.

Inventory:

Hand Weapons
 a - a +0 blowgun
 d - a +2 dagger of flaming
 F - a +0 long sword
 O - a +1 great sword of holy wrath
 P - a +2 trident
 T - a +4 halberd (weapon)
Missiles
 g - 438 stones (quivered)
 p - an exploding tomahawk
 q - 34 poisoned needles
 u - 72 bolts
 v - 194 sling bullets
Armour
 w - a +0 cloak (worn)
 Q - a +1 pair of boots of stealth (worn)
Magical Staves
 l - an uncursed staff of fire
 H - an uncursed staff of wizardry
Jewellery
 h - a ring of wizardry (left hand)
 k - an amulet of magic regeneration (around neck)
 n - a +4 ring of protection
 s - an uncursed ring of see invisible
 y - an uncursed ring of positive energy
 B - a +3 ring of intelligence (right hand)
 S - the amulet "Vueh" {Gourm *Corrode rN+ Str+5 Stlth+}
   (You found it on level 8 of the Dungeon)

   [amulet of the gourmand]

   It allows you to eat raw meat even when not hungry.
   It affects your strength (+5).
   It protects you from negative energy.
   It may corrode you when you take damage.
   It makes you more stealthy.
Wands
 f - a wand of flame (52)
 t - a wand of random effects (42)
 x - a wand of enslavement (6)
 U - a wand of disintegration (9)
Scrolls
 e - 5 scrolls of remove curse
 m - 4 scrolls of enchant armour
 z - 2 scrolls of enchant weapon
 E - a scroll of teleportation
 L - 3 scrolls of immolation
 N - a scroll of brand weapon
 X - 2 scrolls of blinking
Potions
 i - 4 potions of lignification
 A - 5 potions of mutation
 C - a potion of agility
 D - 3 potions of curing
 G - 2 potions of flight {unknown}
 J - 2 potions of invisibility {unknown}
 K - 2 potions of brilliance {unknown}
 M - a potion of ambrosia {unknown}
 R - a potion of degeneration {unknown}
 W - a potion of haste {unknown}
Miscellaneous
 I - a phantom mirror
Comestibles
 b - 26 rations
 c - 10 chunks of flesh


   Skills:
 + Level 3.2 Fighting
 + Level 3.4 Dodging
 - Level 1.7 Stealth
 * Level 10.5 Spellcasting
 + Level 3.3 Conjurations
 * Level 11.2 Ice Magic
 + Level 3.5 Invocations
 + Level 3.1 Evocations


You had 19 spell levels left.
You knew the following spells:

 Your Spells              Type           Power        Failure   Level  Hunger
a - Freeze                Ice            ####         1%          1    None
b - Ozocubu's Armour      Chrm/Ice       ####....     1%          3    None
c - Throw Icicle          Conj/Ice       #####...     1%          4    ##.....
d - Summon Ice Beast      Ice/Summ       ####....     2%          4    ##.....

Your spell library contained the following spells:

 Spells                   Type           Power        Failure   Level  Hunger
 Ensorcelled Hibernation  Hex/Ice        ####..       1%          2    None
 Throw Frost              Conj/Ice       #####.       1%          2    None
 Ice Form                 Ice/Tmut       ####....     2%          4    ##.....
 Sticks to Snakes         Tmut           ##......     4%          2    None
 Dazzling Spray           Conj/Hex       ###...       4%          3    None
 Metabolic Englaciation   Hex/Ice        ####......   7%          5    ####...
 Inner Flame              Hex/Fire       ##......     8%          3    None
 Discord                  Hex            ##........   100%        8    #######


Dungeon Overview and Level Annotations

Branches:
Dungeon (11/15)            Temple (1/1) D:6            Lair (1/6) D:8
    Orc: D:9-12

Altars:
Ashenzari
Cheibriados
Dithmenos
Elyvilon
Fedhas
Gozag
Hepliaklqana
Kikubaaqudgha
Makhleb
Nemelex Xobeh
Okawaru
Qazlal
Ru
Sif Muna
Trog
Uskayaw
Vehumet
Wu Jian
Xom
Yredelemnul
Zin
The Shining One

Portals:
Ice
Cave: Lair:1

Annotations:
D:7 Sneal's ghost, novice MfFi
D:9 1 runed door, gre3edy's ghost, novice DsEn


Innate Abilities, Weirdness & Mutations

You can breathe blasts of noxious fumes.
Your lurid green scales are hard. (AC +7)
You cannot fit into any form of body armour.
Your system is resistant to poisons. (rPois)
You are cold-blooded and may be slowed by cold attacks.


Message History

A red film seems to cover your vision as you go berserk!
You feel yourself moving faster!
You feel mighty!
You hear the crackling of a melting archway.
Your ice beast barely misses the ice devil.
Your ice beast hits the ice devil but does no damage.
The ice devil hits your ice beast! The ice devil freezes your ice beast.
Your ice beast completely resists.
Your ice beast hits the ice devil but does no damage.
Your ice beast closely misses the ice devil.
Unknown command.
You puncture the ice devil!
The ice devil is heavily wounded.
You feel yourself speed up. The ice devil hits your ice beast!
The ice devil freezes your ice beast.
Your ice beast completely resists.
Your ice beast hits the ice devil but does no damage. x2
The ice devil hits you.
* * * LOW HITPOINT WARNING * * *
The ice devil freezes you!!
You feel yourself slow down.
You die...

,,........##.+##*#...........,,,,
,,........###.#####..........,,,,
,,...........................,,,,
,,...........................,,,,
,,...........................,,,,
,,P##..........##############,,**
,,........###### ****##*****,*,*
,,........#....###*,...#*,,,,,,,,
,,...P≈...#....+@##....#*,,,,,,*,
≈≈≈≈≈P≈#..#....#Y44...∩#*,,,,,,*,
≈≈≈PPP≈#..#....'Y##§§..#*,,,,,,**
≈≈≈≈≈≈≈#.......###*,.§.#*,,,,,,,,
≈≈≈P≈P≈...#..^.# ***###*,,,,,,,,
≈≈≈≈≈≈≈♣..##.#.#************,,,_,
≈≈≈≈≈P≈♣.........,,,,,,*****,,,,,
≈≈≈≈≈≈≈♣...........,,,,,,,,,,,,,,
≈≈≈≈≈≈≈♣#..##P.####,***********,,


You could see 2 ice devils and 2 friendly ice beasts.

Vanquished Creatures
  An orc knight (Bailey)
  3 hippogriffs
  A spriggan (D:7)
  4 yaks
  A steam dragon (D:10)
  A hungry ghost (D:10)
  Edmund (D:6)
  2 water moccasins
  Purgy (Sewer)
  An ice beast (D:7)
  3 phantoms
  3 sky beasts
  4 orc warriors (Bailey)
  2 ogres
  3 centaurs
  3 big kobolds
  6 bullfrogs
  4 scorpions
  6 killer bees
  4 wights
  2 howler monkeys
  8 crimson imps
  5 orc priests
  5 hounds
  2 iguanas (D:4)
  Ijyb (D:3)
  Natasha (thrice) (D:3)
  7 worker ants
  13 orc wizards
  A killer bee zombie (D:6)
  A hound skeleton (D:7)
  A worker ant zombie (D:7)
  4 gnolls (D:8)
  11 adders
  2 howler monkey skeletons
  A shadow imp (D:6)
  An ooze (D:1)
  An adder skeleton (D:8)
  5 dart slugs
  8 leopard geckos
  46 orcs
  A ball python (D:4)
  11 giant cockroaches
  14 goblins
  6 hobgoblins
  8 jackals
  2 quokkas
  8 bats
  2 frilled lizards
  A jackal zombie (D:6)
  23 kobolds
  A leopard gecko zombie (D:5)
  A quokka zombie (D:7)
  9 rats
269 creatures vanquished.

Vanquished Creatures (collateral kills)
  2 two-headed ogres
  3 hippogriffs
  A wraith (D:11)
  A wyvern (D:8)
  4 yaks
  A hungry ghost (D:7)
  A water moccasin (D:8)
  An orc warrior (D:8)
  An ice beast (D:7)
  A phantom (D:7)
  A necrophage (D:9)
  A bullfrog (D:10)
  4 killer bees (D:9)
  5 wights
  A jelly (D:11)
  A bullfrog zombie (D:8)
  6 orc wizards
  An adder (D:7)
  8 orcs
44 creatures vanquished.

Vanquished Creatures (others)
  2 withered plants (D:7)
2 creatures vanquished.

Grand Total: 315 creatures vanquished

Notes
Turn   | Place    | Note
-------+----------+-------------------------------------------
     0 | D:1      | Schimscham the Draconian Ice Elementalist began the quest
                  | for the Orb.
     0 | D:1      | Reached XP level 1. HP: 14/14 MP: 3/3
   349 | D:1      | Reached XP level 2. HP: 18/20 MP: 0/5
   676 | D:1      | Reached XP level 3. HP: 20/26 MP: 3/6
  1167 | D:2      | Reached skill level 4 in Ice Magic
  1771 | D:2      | Reached XP level 4. HP: 33/33 MP: 5/8
  2124 | D:3      | Noticed Ijyb
  2141 | D:3      | Killed Ijyb
  2255 | D:3      | Found a deep blue altar of Sif Muna.
  2258 | D:3      | Became a worshipper of Sif Muna the Loreminder
  2510 | D:3      | Noticed Natasha
  2512 | D:3      | Killed Natasha
  2512 | D:3      | Reached XP level 5. HP: 38/38 MP: 8/10
  2532 | D:3      | Learned a level 3 spell: Ozocubu's Armour
  2537 | D:3      | Learned a level 4 spell: Throw Icicle
  2567 | D:4      | Reached skill level 5 in Ice Magic
  2722 | D:4      | Reached XP level 6. HP: 45/45 MP: 5/12
  2988 | D:3      | Noticed Natasha
  2997 | D:3      | Killed Natasha
  3149 | D:3      | Noticed Natasha
  3156 | D:3      | Killed Natasha
  3331 | D:4      | Reached * piety under Sif Muna
  3331 | D:4      | Reached skill level 6 in Ice Magic
  3711 | D:4      | Reached skill level 5 in Spellcasting
  3711 | D:4      | Your scales start taking on a lurid green colour.
  3711 | D:4      | Reached XP level 7. HP: 50/50 MP: 1/14
  3711 | D:4      | Gained mutation: Your system is resistant to poisons.
                  | (rPois) [Green Draconian growth]
  3743 | D:5      | Entered Level 5 of the Dungeon
  3867 | D:5      | Found a glowing drain.
  3889 | Sewer    | Entered a sewer
  3983 | Sewer    | Learned a level 4 spell: Summon Ice Beast
  3998 | Sewer    | Noticed Purgy
  4005 | Sewer    | Killed Purgy
  4810 | D:6      | Reached skill level 7 in Ice Magic
  4984 | D:6      | Found a staircase to the Ecumenical Temple.
  4995 | D:6      | Reached ** piety under Sif Muna
  5013 | D:6      | Reached XP level 8. HP: 57/57 MP: 11/17
  5027 | Temple   | Entered the Ecumenical Temple
  5637 | D:6      | Found a shadowy altar of Dithmenos.
  5912 | D:7      | Noticed a hippogriff
  5961 | D:7      | Reached skill level 8 in Ice Magic
  6049 | D:7      | Found a shadowy altar of Dithmenos.
  6062 | D:7      | Found a runed door.
  6062 | D:7      | Noticed Sneal's ghost (novice MfFi)
  6292 | D:7      | Reached *** piety under Sif Muna
  6526 | D:7      | Reached XP level 9. HP: 37/62 MP: 3/21
  6945 | D:7      | Reached skill level 9 in Ice Magic
  7465 | D:7      | Found an opulent altar of Gozag.
  7547 | D:7      | Reached **** piety under Sif Muna
  7599 | D:7      | Found a sacrificial altar of Ru.
  7851 | D:6      | Noticed Edmund
  7860 | D:6      | Killed Edmund
  8157 | D:6      | Found a snail-covered altar of Cheibriados.
  8942 | D:8      | Found a hazy altar of Hepliaklqana.
  8976 | D:8      | Reached skill level 10 in Ice Magic
  9004 | D:8      | Found a staircase to the Lair.
  9131 | D:8      | Got a faintly glowing bronze amulet
  9286 | D:7      | HP: 3/62 [poisoned by a killer bee]
  9626 | D:8      | Noticed a two-headed ogre
  9637 | D:8      | Killed a two-headed ogre
  9637 | D:8      | Reached skill level 1 in Invocations
  9637 | D:8      | Reached XP level 10. HP: 70/70 MP: 5/23
  9964 | D:9      | Reached skill level 1 in Fighting
  9999 | D:9      | Reached skill level 1 in Evocations
 10438 | D:9      | Found a runed door.
 10438 | D:9      | Found a shimmering altar of Xom.
 10438 | D:9      | Noticed a rapier of chaos
 10438 | D:9      | Noticed gre3edy's ghost (novice DsEn)
 10439 | D:9      | Found the +3 hat of Pondering {ponderous, MR+ MP+10 Int+5}
 11098 | D:10     | Entered Level 10 of the Dungeon
 11117 | D:10     | Reached skill level 10 in Spellcasting
 11651 | D:10     | Reached ***** piety under Sif Muna
 11692 | D:10     | Identified Sif Muna's Disquisition on Mutagenic Curses (Sif
                  | Muna gifted it to you on level 10 of the Dungeon)
 11692 | D:10     | Received a gift from Sif Muna
 12853 | D:11     | Identified the amulet "Vueh" {Gourm *Corrode rN+ Str+5
                  | Stlth+} (You found it on level 8 of the Dungeon)
 12871 | D:11     | Noticed a two-headed ogre
 12880 | D:11     | Reached skill level 11 in Ice Magic
 12885 | D:11     | Killed a two-headed ogre
 13160 | D:11     | Found a glowing silver altar of Zin.
 13171 | D:11     | Found a flagged portal.
 13207 | Bailey   | Entered a bailey
 13452 | Bailey   | Noticed an orc knight
 13469 | Bailey   | Killed an orc knight
 13469 | Bailey   | Reached XP level 11. HP: 65/82 MP: 3/25
 14164 | Lair:1   | Entered Level 1 of the Lair of Beasts
 14493 | Lair:1   | Found a frozen archway.
 14504 | Lair:1   | Slain by an ice devil

Skill      XL: |  1  2  3  4  5  6  7  8  9 10 11 |
---------------+----------------------------------+-----
Ice Magic      | 4 5 6 7 8 10 11 | 11.2
Spellcasting   | 3 4 5 6 8 9 10 | 10.5
Dodging        | 2 3 |  3.4
Invocations    | 1 3 |  3.5
Fighting       | 3 |  3.2
Evocations     | 2 3 |  3.1
Conjurations   | 3 |  3.3
Stealth        | |  1.7

Action                   |  1- 3 |  4- 6 |  7- 9 | 10-12 || total
-------------------------+-------+-------+-------+-------++-------
Melee: Dagger            |    43 |    36 |    45 |       ||   124
       Tailslap          |     3 |     4 |    17 |     4 ||    28
       Staff             |       |       |     8 |       ||     8
       Long sword        |       |       |    65 |       ||    65
       Trident           |       |       |    78 |    67 ||   145
       Halberd           |       |       |       |    19 ||    19
Throw: Stone             |       |       |     3 |       ||     3
 Cast: Freeze            |    54 |    73 |   234 |   132 ||   493
       Throw Icicle      |       |     9 |    32 |    30 ||    71
       Ozocubu's Armour  |       |     1 |     5 |     4 ||    10
       Summon Ice Beast  |       |       |    45 |    35 ||    80
Invok: Divine Energy     |       |       |     2 |       ||     2
       Stop Divine Energ |       |       |     2 |       ||     2
 Abil: Breathe Noxious F |       |       |     7 |     7 ||    14
  Use: Scroll            |       |     5 |    13 |     6 ||    24
       Potion            |       |       |     5 |     1 ||     6
 Stab: Sleeping          |     1 |     3 |     1 |       ||     5
       Distracted        |       |       |     4 |       ||     4
  Eat: Chunk             |     3 |     7 |    19 |    26 ||    55
       Ration            |       |       |     3 |       ||     3
Armor: Skin              |    28 |    20 |   146 |    84 ||   278
Dodge: Dodged            |    52 |    52 |   301 |   146 ||   551
       Rpst.: Long sword |       |       |    21 |       ||    21
